Map: 16 bits EC

Players

TerrorLord - Winner!

  • Race: Zerg Zerg
  • League: Diamond
  • Spawn Location: 7:00

HoldTheDoor

  • Race: Protoss Protoss
  • League: Diamond
  • Spawn Location: 1:00

VOD

Have the link to the VOD?

Description

Time

  • Played on: July 7, 2018, 2:09 p.m.
  • Length: 3:50
Show
View Real Time Build Order
Export as new Build Order

TerrorLord Zerg - Winner!

Build Orders: Pool Only 

Get SALT Encoding   

  12  0:01  Drone  
  13  0:08  Drone  
  14  0:17  Overlord  
  14  0:27  Extractor, Drone  
  14  0:37  Drone  
  14  0:38  Drone  
  16  0:51  Spawning Pool  
  16  0:55  Drone  
  16  0:58  Drone  
  17  1:38  Zergling x6  
  17  1:39  Metabolic Boost  
  20  1:40  Queen  
  22  1:51  Baneling Nest  
  22  1:52  Zergling x2  
  22  2:05  Overlord  
  22  2:26  Zergling x2  
  22  2:27  Zergling x2  
  24  2:34  Zergling x2  
  24  3:03  Zergling x2  
  24  3:04  Zergling x6  
  25  3:13  Zergling x2  
Show
View Real Time Build Order
Export as new Build Order

HoldTheDoor Protoss 

Build Orders: 1 Gate Expand 

Get SALT Encoding   

  12  0:00  Probe  
  13  0:12  Probe  
  14  0:19  Pylon  
  14  0:25  Probe  
  15  0:37  Probe  
  15  0:40  Gateway  
  16  0:47  Probe  
  16  0:48  Assimilator  
  16  0:55  Probe  
  18  1:10  Probe  
  19  1:28  Nexus  
  19  1:37  Cybernetics Core  
  19  1:40  Probe  
  20  1:48  Assimilator  
  20  1:52  Probe  
  21  1:57  Pylon  
  21  2:06  Probe  
  22  2:15  Adept  
  24  2:18  Probe  
  25  2:30  Probe  
  25  2:31  Twilight Council  
  26  2:39  Sentry  
  26  2:40  Pylon  
  26  2:41  Probe  
  26  2:42  Probe  
  28  3:03  Probe x2  
  22  3:15  Probe x2  
  24  3:27  Probe  
  24  3:31  Pylon  
Tags
 
Add a new tag
Caveats
  • Supply blocks, unpowered buildings, or Contaminate may cause inaccurate times.
  • Supply counts are checked every 10 seconds.